 Dungeon Crawl Stone Soup version 0.29-a0-422-gafbd6decc1 (webtiles) character file.

Game seed: 3891307218055590752

114 bande the Skirmisher (level 4, -3/29 HPs)
             Began as a Gargoyle Fighter on May 19, 2022.
             Slain by a river rat (8 damage)
             ... in a sewer.
             The game lasted 00:03:54 (3139 turns).

bande the Skirmisher (Gargoyle Fighter)             Turns: 3139, Time: 00:03:54

Health: -3/29      AC: 10    Str: 19    XL:     4   Next: 97%
Magic:  4/4        EV:  9    Int:  9    God:
Gold:   141        SH:  4    Dex: 11    Spells: 3/3 levels left

rFire   . . .      SeeInvis .   a - +1 war axe
rCold   . . .      Faith    .   c - +0 buckler
rNeg    + . .      Spirit   .   b - +0 scale mail
rPois   ∞          Reflect  .   (no helmet)
rElec   +          Harm     .   (no cloak)
rCorr   .          Rampage  .   (no gloves)
Will    .....                   (no boots)
Stlth   ..........              (no amulet)
HPRegen 0.09/turn               (no ring)
MPRegen 0.09/turn               (no ring)

@: very slow
A: sickness immunity, AC +3, negative energy resistance 1, electricity
resistance, torment resistance 1, petrification resistance
a: no special abilities


You were in a sewer.
You visited 1 branch of the dungeon, and saw 3 of its levels.
You also visited: Sewer.

You collected 141 gold pieces.

Inventory:

Hand Weapons
 a - a +1 war axe (weapon)
Armour
 b - a +0 scale mail (worn)
 c - a +0 buckler (worn)
Scrolls
 i - 3 scrolls of blinking
 m - a scroll of magic mapping {unknown}
Potions
 d - a potion of might
 e - a potion of invisibility {unknown}
 f - a potion of lignification {unknown}
 g - 3 potions of curing
 h - a potion of haste {unknown}
 j - a potion of mutation {unknown}
 k - 2 potions of flight {unknown}
 l - 3 potions of heal wounds


   Skills:
 + Level 3.9 Fighting
 + Level 3.2 Axes
 + Level 3.9 Armour
 + Level 3.8 Shields


You had 3 spell levels left.
You didn't know any spells.
Your spell library contained the following spells:

 Spells                   Type           Power      Damage    Failure   Level
 Blink                    Tloc           0%         N/A       93%         2
 Lesser Beckoning         Tloc           0%         N/A       99%         3
 Manifold Assault         Tloc           0%         N/A       100%        5


Dungeon Overview and Level Annotations

Branches:
Dungeon (3/15)              Sewer (1/1)

Altars:


Innate Abilities, Weirdness & Mutations

You are immune to sickness and miasma.
Your stone body is resilient. (AC +3)
You are immune to poison.
You resist negative energy. (rN+)
You are resistant to electric shocks. (rElec)
You are resistant to unholy torment.
You are immune to petrification.


Message History

The river rat bites you but does no damage.
Your unstable footing causes you to fumble your attack.
The river rat closely misses you.
Your unstable footing causes you to fumble your attack.
The river rat bites you but does no damage.
You barely miss the river rat.
The river rat is moderately wounded.
The river rat barely misses you. x2
You barely miss the river rat.
The river rat is moderately wounded.
The river rat bites you.
Your unstable footing causes you to fumble your attack.
The river rat barely misses you.
Your unstable footing causes you to fumble your attack.
The river rat bites you.
Your unstable footing causes you to fumble your attack.
The river rat bites you. The river rat barely misses you.
You are too injured to fight recklessly!
You are too injured to fight recklessly!
You are too injured to fight recklessly!
You are too injured to fight recklessly!
You are too injured to fight recklessly!
The river rat bites you.
Your unstable footing causes you to fumble your attack.
The river rat bites you but does no damage.
Your unstable footing causes you to fumble your attack.
The river rat bites you.
You hit the river rat.
The river rat is heavily wounded.
The river rat bites you. The river rat misses you.
You hit the river rat but do no damage.
The river rat is heavily wounded.
The river rat bites you.
* * * LOW HITPOINT WARNING * * *
Your unstable footing causes you to fumble your attack.
The river rat barely misses you.
You closely miss the river rat.
The river rat is heavily wounded.
The river rat closely misses you. The river rat bites you!
You die...

##≈..## ..... .....
... ≈.. #≈# #÷# #≈#
#@# #≈# #r# #≈#
##≈## ##≈## ##≈.≈##
##.≈.## #
#≈....####..≈≈.#####
#≈..≈.≈†≈≈.≈∩≈≈≈≈≈≈≈
#...≈.####.∩.≈.#####
##...## ##...## #
##### ##≈##


You could see a river rat.

Vanquished Creatures
  3 adders
  2 river rats (Sewer)
  7 worms
  A dart slug (D:1)
  A ball python (D:1)
  4 endoplasms
  4 giant cockroaches
  A goblin (D:1)
  2 hobgoblins
  6 jackals (D:1)
  3 kobolds
  A quokka (D:2)
  7 bats
  6 frilled lizards
  A rat (D:3)
49 creatures vanquished.

Notes
Turn   | Place    | Note
-------+----------+-------------------------------------------
     0 | D:1      | bande the Gargoyle Fighter began the quest for the Orb.
     0 | D:1      | Reached XP level 1. HP: 14/14 MP: 1/1
   246 | D:1      | Reached XP level 2. HP: 14/19 MP: 2/2
   456 | D:1      | Found a faded altar of an unknown god.
  1145 | D:2      | Reached XP level 3. HP: 13/23 MP: 3/3
  2381 | D:3      | Reached XP level 4. HP: 29/29 MP: 4/4
  2420 | D:3      | Found a glowing drain.
  2429 | Sewer    | Entered a sewer
  3139 | Sewer    | Slain by a river rat

Illustrated notes

Levels and vault maps discovered:
D:1:      dpeg_arrival_erosion, layout_loops_cross,
          hellmonk_ecumenical_altar_heavens_door, st_stairs_14,
          kennysheep_another_room
D:2:      layout_basic, mrwooster_statue_mirror, minmay_misc_feat_roman
D:3:      minmay_diamond_boxcup, layout_loops_ring, gup_sewer_entry_bubbles
Sewer:    sewer_co_15_rooms

Skill      XL: |  1  2  3  4 |
---------------+-------------+-----
Axes           | 2 3 |  3.2
Fighting       | |  3.9
Armour         | |  3.9
Shields        | |  3.8

Action                   |  1- 3 |  4- 6 || total
-------------------------+-------+-------++-------
Melee: War axe           |   129 |    70 ||   199
  Use: Scroll            |     5 |       ||     5
       Potion            |       |     1 ||     1
Armor: Scale mail        |    84 |    15 ||    99
Dodge: Dodged            |    77 |    31 ||   108
Block: Buckler           |    20 |     7 ||    27

Table legend: (Time is in decaauts)
 A = Elapsed time spent in this place.
 B = Non-inter-level travel time spent in this place.
 C = Inter-level travel time spent in this place.
 D = Time resting spent in this place.
 E = Time spent auto-exploring this place.
 F = Levels seen in this place.
 G = Mean time per level.
                   A        B        C        D        E       F      G
               +--------+--------+--------+--------+--------+-----+--------+
         Total |   3266 |   3231 |     35 |    721 |   1897 |   4 |  816.5 |
       Dungeon |   2513 |   2478 |     35 |    142 |   1856 |   3 |  837.7 |
         Sewer |    753 |    753 |      0 |    579 |     41 |   1 |  753.0 |
               +--------+--------+--------+--------+--------+-----+--------+

Top non-repeatable levels by time:
     D:2: 1248 daAuts
     D:1: 1094 daAuts
   Sewer: 753 daAuts
     D:3: 170 daAuts
